 Dungeon Crawl Stone Soup version 0.31-a0-277-g31ea1f65cc (webtiles) character file.

Game seed: 10517922820058885265

12 drugrobin the Sneak (level 2, -4/25 HPs)
             Began as a Demigod Delver on July 15, 2023.
             Slain by a water moccasin zombie (7 damage)
             ... in an ossuary.
             The game lasted 00:02:13 (153 turns).

drugrobin the Sneak (Demigod Delver)                 Turns: 153, Time: 00:02:13

Health: -4/25      AC:  3    Str: 13    XL:     2   Next: 9%
Magic:  4/4        EV: 11    Int: 12    God:
Gold:   0          SH:  0    Dex: 15    Spells: 1/1 levels left

rFire   . . .        a - +0 spear
rCold   . . .        (no shield)
rNeg    . . .        b - +0 leather armour
rPois   .            (no helmet)
rElec   .            (no cloak)
rCorr   .            (no gloves)
SInv    .            (no boots)
Will    .....        (no amulet)
Stlth   +++          (no ring)
HPRegen 0.24/turn    (no ring)
MPRegen 0.09/turn

%: no passive effects
@: no status effects
A: high MP 1, forlorn, divine attributes
a: no special abilities


You were in an ossuary.
You visited 1 branch of the dungeon, and saw 1 of its levels.
You also visited: Ossuary.

Inventory:

Hand Weapons
 a - a +0 spear (weapon)
Armour
 b - a +0 leather armour (worn)
Wands
 g - a wand of digging (3)
Scrolls
 c - a scroll of fog


   Skills:
 - Level 2.6 Fighting
 + Level 2.6 Polearms
 - Level 1.7 Dodging
 - Level 4.5 Stealth


You had one spell level left.
You didn't know any spells.
Your spell library was empty.

Dungeon Overview and Level Annotations

Branches:
Dungeon (5/15)            Ossuary (1/1)
 Temple: D:4-7


Innate Abilities, Weirdness & Mutations

You have an increased reservoir of magic. (+10% MP)
You shall have no god before yourself.
Your divine heritage dramatically boosts your attributes as you level up.


Message History

The water moccasin zombie bites you.
There is an open door here.
Unknown command.
Unknown command.
Unknown command.
You bump into the stone wall.
The water moccasin zombie bites you.
The water moccasin zombie attacks as you move away!
The water moccasin zombie misses you.
You feel less invigorated.
You feel less confused.
There is an open door here.
You closely miss the water moccasin zombie.
The water moccasin zombie is moderately damaged.
The water moccasin zombie bites you. x2
The water moccasin zombie attacks as you move away!
The water moccasin zombie bites you.
You barely miss the water moccasin zombie.
The water moccasin zombie is moderately damaged.
The water moccasin zombie bites you.
You closely miss the water moccasin zombie.
The water moccasin zombie is moderately damaged.
The water moccasin zombie bites you.
* * * LOW HITPOINT WARNING * * *
Unknown command.
Unknown command.
You hit the water moccasin zombie.
The water moccasin zombie is heavily damaged.
The water moccasin zombie misses you.
Unknown command.
Unknown command.
You hit the water moccasin zombie.
The water moccasin zombie is severely damaged.
The water moccasin zombie barely misses you.
The water moccasin zombie bites you.
* * * LOW HITPOINT WARNING * * *
Unknown command.
Unknown command.
You hit the water moccasin zombie.
The water moccasin zombie is severely damaged.
The water moccasin zombie bites you!
You die...

##############
#...#...'....#
#...#...#...Z+
#...'...#....#
#Z############
#.@.# #...#
#...# #...#
##'## #...#
#...# #...#
#...#


You could see a water moccasin zombie.

Vanquished Creatures
  An adder zombie (Ossuary)
  A gnoll zombie (Ossuary)
  6 hobgoblin zombies (Ossuary)
  A kobold zombie (Ossuary)
  3 orc zombies (Ossuary)
12 creatures vanquished.

Vanquished Creatures (others)
  A human (D:5)
1 creature vanquished.

Grand Total: 13 creatures vanquished

Notes
Turn   | Place    | Note
-------+----------+-------------------------------------------
     0 | D:5      | drugrobin the Demigod Delver began the quest for the Orb.
     0 | D:5      | Reached XP level 1. HP: 18/18 MP: 3/3
     4 | D:5      | Noticed a water moccasin
     9 | D:5      | Noticed a scorpion
    15 | D:5      | Noticed a black bear
    25 | D:5      | Noticed a hound
    33 | D:5      | Noticed a human
    38 | D:5      | Killed a human
    40 | D:5      | Found a sand-covered staircase.
    44 | Ossuary  | Entered an ossuary
   112 | Ossuary  | Reached XP level 2. HP: 24/25 MP: 4/4
   153 | Ossuary  | Slain by a water moccasin zombie

Illustrated notes

Levels and vault maps discovered:
D:5:      layout_cave_pools, tgw_kikubaaqudgha,
          mainiacjoe_overflow_divided_tiny, portal_sewer_entry_d, serial_shops,
          nicolae_shop_behind_doors, nicolae_ossuary_entry_plus,
          grunt_decor_mini_mirrors
Ossuary:  ossuary_tomb_2

Skill      XL: |  1 |
---------------+----+-----
Polearms       | 2 |  2.6
Fighting       | |  2.6
Dodging        | |  1.7
Stealth        | |  4.5

Action                     || total
---------------------------++-------
  Melee: Spear             ||    67
         Punch             ||     1
    Use: Scroll            ||     2
         Potion            ||     2
   Stab: Sleeping          ||     5
 Armour: Leather armour    ||     7
  Dodge: Dodged            ||    26

Table legend: (Time is in decaauts)
 A = Elapsed time spent in this place.
 B = Non-inter-level travel time spent in this place.
 C = Inter-level travel time spent in this place.
 D = Time resting spent in this place.
 E = Time spent auto-exploring this place.
 F = Levels seen in this place.
 G = Mean time per level.
                   A        B        C        D        E       F      G
               +--------+--------+--------+--------+--------+-----+--------+
         Total |    133 |    133 |      0 |      0 |      0 |   2 |   66.5 |
       Dungeon |     36 |     36 |      0 |      0 |      0 |   1 |   36.0 |
       Ossuary |     96 |     96 |      0 |      0 |      0 |   1 |   96.0 |
               +--------+--------+--------+--------+--------+-----+--------+

Top non-repeatable levels by time:
 Ossuary: 96 daAuts
     D:5: 36 daAuts
